AoeStats
← One Time

Arabia

509660927Analyzed
1v1 RM · 5d ago on Sep 27, 2026· 35m 37s· 2 players
Game mode
Random Map
Map size
Tiny (2 player)
Population
200
Speed
Normal
Resources
Standard
Victory
Conquest
Starting age
Dark Age
Ending age
Imperial Age
RankedLock teamsTeams togetherTeam positionsShared explorationLock speedFull tech treeHidden civsTurbo modeCheats
Victory
Defeat
🇹🇼 Romans · Taiwan
1247
+17
🇧🇷 Saxons · Brazil
1273
-17
One Time
10:16 Feudal Age
10:35 Man-at-Arms
11:48 Scale Mail Armor
14:34 Forging
22:04 Castle Age
19:57 Double-Bit Axe
22:01 Wheelbarrow
21:39 Fletching
22:22 Long Swordsman
23:03 Squires
23:27 Horse Collar
26:11 Bow Saw
26:56 Chain Mail Armor
Warthog
5:16 Loom
10:24 Feudal Age
10:59 Man-at-Arms
11:53 Double-Bit Axe
12:10 Arson
14:42 Horse Collar
15:26 Fletching
22:43 Castle Age
22:06 Scale Mail Armor
23:38 Bow Saw
24:14 Gold Mining
24:41 Crossbowman
25:46 Bodkin Arrow
25:57 Long Swordsman
26:22 Gambesons
28:56 Gambesons
29:54 Squires
Connection lost

Rejoining the realm…

Still unreachable

The connection could not be restored.

Session expired

The server has moved on; the page needs a fresh start.